 Dungeon Crawl Stone Soup version 0.17-a0-1210-g1e4f09d (webtiles) character file.

403 patman the Cudgeler (level 7, -4/52 HPs)
             Began as a Human Chaos Knight on June 3, 2015.
             Slain by a raven (8 damage)
             ... on level 3 of the Dungeon.
             The game lasted 00:06:18 (3290 turns).

patman the Cudgeler (Human Chaos Knight)            Turns: 3290, Time: 00:06:19

Health: -4/52      AC:  7    Str: 12    XL:     7   Next: 11%
Magic:  7/7        EV: 11    Int: 12    God:    Xom [..*...]
Gold:   209        SH:  0    Dex: 15    Spells: 0 memorised, 6 levels left

rFire  . . .     SeeInvis .     a - +0 mace (chaos)
rCold  . . .     Clarity  .     b - +3 leather armour
rNeg   . . .     SustAt   .     (no shield)
rPois  .         Gourm    .     (no helmet)
rElec  .         Spirit   .     (no cloak)
rCorr  .         Warding  .     (no gloves)
rMut   .         Stasis   .     y - +0 pair of boots {Stlth+}
MR     +....                    (no amulet)
Stlth  ++........               s - ring of protection from magic
                                k - ring of flight

@: somewhat resistant to hostile enchantments, unstealthy
A: no striking features
a: Renounce Religion, Evoke Flight


You were on level 3 of the Dungeon.
You worshipped Xom.
You were a toy of Xom.
You were hungry.

You visited 1 branch of the dungeon, and saw 3 of its levels.

You collected 209 gold pieces.

Inventory:

Hand weapons
 a - a +0 mace of chaos (weapon)
 r - a +0 morningstar
Missiles
 i - 277 stones (quivered)
Armour
 b - a +3 leather armour (worn)
 n - a +0 plate armour
 y - a +0 pair of boots of stealth (worn)
Jewellery
 k - a ring of flight (left hand)
 s - a ring of protection from magic (right hand)
Scrolls
 e - 2 scrolls of magic mapping
 f - a scroll of fear {unknown}
 h - a scroll of enchant weapon {unknown}
 l - a scroll of fog {unknown}
 m - a scroll of noise {unknown}
 o - a scroll of enchant armour
 u - a scroll of amnesia {unknown}
Potions
 d - a potion of curing
 g - 2 potions of mutation
 p - a potion of heal wounds {unknown}
 q - a potion of magic {unknown}
 t - a potion of might {unknown}
 v - a potion of cure mutation {unknown}
 x - a potion of cancellation {unknown}
Comestibles
 c - 2 bread rations
 w - 3 fruits


   Skills:
 - Level 3.0 Fighting
 * Level 7.5 Maces & Flails
 - Level 2.0 Armour
 - Level 1.0 Dodging


You had 6 spell levels left.
You didn't know any spells.

Dungeon Overview and Level Annotations

Branches:
Dungeon (3/15)

Altars:
Trog
Yredelemnul

Annotations:
D:3 Bull's ghost, average MiFi


Message History

Unknown command.
Drink which item? (? for menu, Esc to quit)
You feel better. The raven barely misses you. The raven closely misses you.
The raven pecks you but does no damage. The raven claws you.
Unknown command.
Unknown command.
Unknown command.
You hit the raven.
The raven is heavily wounded.
The raven closely misses you. The raven claws you!
* * * LOW HITPOINT WARNING * * *
The kobold hits you but does no damage. The raven pecks you but does no damage.
The raven closely misses you.
Unknown command.
Drink which item? (? for menu, Esc to quit)
You feel better. The raven pecks you!
* * * LOW HITPOINT WARNING * * *
The raven claws you!
You die...
Xom is highly amused!

##### #########################
....## ##.....#.).....#....#.....
.....###......')......#....#.....
......#.......#########....######
......#..............#......#....
......'......).......'......'....
......#.....).......)#......#....
......#.....).#########....######
.....###......'.@b....#....#.....
....## ##.....#..K....#.)..#.....
########################')#######
≈≈≈≈≈≈≈≈≈≈≈≈≈≈≈≈≈≈≈≈≈≈≈....≈≈≈≈≈≈
≈≈≈≈≈≈≈≈≈≈≈≈≈≈≈≈≈≈≈≈≈≈≈....≈≈≈≈≈≈
≈≈≈≈≈≈≈≈≈≈≈≈≈≈≈≈≈≈≈≈≈≈≈....≈≈≈≈≈≈
.≈≈≈...≈.≈.≈.≈.≈.≈≈≈≈≈....÷≈÷≈≈.≈
.÷......................)........
.................................


You could see a raven and a kobold.

Vanquished Creatures
  4 big kobolds (D:3)
  6 adders
  A river rat (D:3)
  2 oozes (D:2)
  A worm (D:2)
  2 giant geckos
  An orc (D:3)
  9 goblins
  6 hobgoblins
  7 jackals
  2 quokkas
  9 bats
  A giant cockroach (D:3)
  2 giant newts
  36 kobolds
  6 rats
95 creatures vanquished.

Vanquished Creatures (collateral kills)
  A gnoll (D:3)
  4 hobgoblins (D:3)
5 creatures vanquished.

Grand Total: 100 creatures vanquished

Notes
Turn   | Place    | Note
--------------------------------------------------------------
     0 | D:1      | patman the Human Chaos Knight began the quest for the Orb.
     0 | D:1      | Reached XP level 1. HP: 18/18 MP: 1/1
    57 | D:1      | XOM: divination: detect items
   199 | D:1      | XOM is BORED!
   199 | D:1      | XOM: harmless Necr miscast
   255 | D:1      | Reached XP level 2. HP: 24/24 MP: 2/2
   994 | D:2      | Reached skill level 4 in Maces & Flails
   994 | D:2      | Reached XP level 3. HP: 26/29 MP: 3/3
  1304 | D:2      | XOM: silly message
  1327 | D:2      | Reached XP level 4. HP: 31/35 MP: 4/4
  1336 | D:2      | Found a basalt altar of Yredelemnul.
  1685 | D:3      | Reached skill level 5 in Maces & Flails
  1714 | D:3      | Noticed Bull's ghost (average MiFi)
  1719 | D:3      | XOM: potion effect (curing)
  1721 | D:3      | XOM: divination: magic mapping
  1821 | D:3      | XOM: harmless Conj miscast
  1838 | D:3      | XOM: harmless Necr miscast
  1905 | D:3      | Found a bloodstained altar of Trog.
  1959 | D:3      | Reached XP level 5. HP: 36/41 MP: 5/5
  2019 | D:3      | XOM: divination: magic mapping
  2163 | D:3      | Noticed a big kobold
  2172 | D:3      | XOM: divination: magic mapping
  2279 | D:3      | Killed a big kobold
  2279 | D:3      | Reached skill level 6 in Maces & Flails
  2487 | D:3      | Reached XP level 6. HP: 40/47 MP: 6/6
  2659 | D:3      | XOM: summons 3 hostile shadow creatures
  2907 | D:3      | Noticed a big kobold
  2907 | D:3      | Noticed a big kobold
  2918 | D:3      | XOM: confuse monster(s)
  2919 | D:3      | Killed a big kobold
  2921 | D:3      | Noticed a big kobold
  2930 | D:3      | Killed a big kobold
  2930 | D:3      | Reached skill level 7 in Maces & Flails
  2935 | D:3      | Killed a big kobold
  2935 | D:3      | Reached XP level 7. HP: 17/52 MP: 7/7
  3146 | D:3      | XOM: god gift: pair of glowing boots {god gift}
  3272 | D:3      | Noticed a big kobold
  3282 | D:3      | Noticed a raven
  3282 | D:3      | a big kobold changed into a raven
  3283 | D:3      | XOM: potion effect (heal wounds)
  3290 | D:3      | Slain by a raven

Vault maps used:
D:1:      dpeg_arrival_short_road
D:2:      old_standard_altar
D:3:      minmay_goblin_kobold_castle, first_bread, lemuel_tele_altar

Action                   |  1- 3 |  4- 6 |  7- 9 || total
-------------------------+-------+-------+-------++-------
Melee: Mace              |    86 |   171 |    36 ||   293
  Use: Scroll            |     2 |     3 |       ||     5
       Potion            |       |     1 |     3 ||     4
 Stab: Petrifying        |       |     2 |     2 ||     4
       Petrified         |       |     1 |       ||     1
       Sleeping          |       |       |     1 ||     1
  Eat: Chunk             |     1 |     3 |     2 ||     6
       Beef jerky        |       |     1 |       ||     1
